Map: Eternal Empire LE

Players

SpeCial

  • Race: Terran Terran
  • League: Master
  • Spawn Location: 7:00

DPGCure (Cure) - Winner!

  • Race: Terran Terran
  • League: Master
  • Spawn Location: 1:00

VOD

Have the link to the VOD?

Description

Time

  • Played on: Jan. 14, 2020, 4:28 p.m.
  • Length: 11:30
Show
View Real Time Build Order
Export as new Build Order

SpeCial Terran 

Build Orders: Gas First Reaper Expand, Banshee Rush 

Get SALT Encoding   

  12  0:00  SCV  
  13  0:13  SCV  
  14  0:17  Supply Depot  
  14  0:25  SCV  
  14  0:27  Refinery  
  15  0:39  SCV  
  16  0:44  Barracks  
  16  0:51  SCV  
  17  1:03  SCV  
  18  1:15  SCV  
  19  1:31  Orbital Command, Reaper  
  20  1:42  Command Center  
  20  1:53  Factory  
  20  1:57  SCV  
  21  2:06  Supply Depot  
  21  2:07  Reaper  
  22  2:12  SCV  
  22  2:15  Refinery  
  23  2:28  SCV  
  24  2:36  Hellion  
  26  2:40  SCV  
  26  2:42  Starport  
  27  2:51  Barracks Reactor  
  27  2:52  SCV  
  27  2:55  Orbital Command  
  28  3:04  SCV  
  31  3:07  Factory Tech Lab  
  29  3:16  SCV  
  29  3:19  Refinery  
  30  3:21  SCV  
  31  3:27  Marine x2  
  31  3:28  SCV  
  31  3:30  Cloaking Field  
  31  3:34  SCV  
  35  3:35  Factory Tech Lab  
  35  3:36  Banshee  
  35  3:40  SCV  
  39  3:44  Supply Depot  
  39  3:46  Marine x2  
  41  3:49  SCV  
  41  3:52  SCV  
  41  3:55  Cyclone  
  46  4:05  SCV x2  
  46  4:08  Supply Depot  
  48  4:17  Command Center  
  48  4:19  SCV  
  48  4:20  SCV  
  50  4:25  Banshee  
  53  4:34  Cyclone  
  56  4:40  SCV  
  56  4:42  Marine x2  
  55  4:46  SCV  
  49  4:53  SCV  
  49  4:58  SCV  
  49  5:03  Mag-Field Accelerator  
  49  5:05  SCV  
  50  5:10  SCV, Banshee  
  54  5:17  SCV  
  55  5:22  Marine x2, SCV  
  55  5:23  Cyclone  
  55  5:25  Supply Depot  
  60  5:29  SCV  
  60  5:30  Orbital Command  
  60  5:34  SCV  
  54  5:41  SCV  
  52  5:46  SCV  
  43  5:50  Marine  
  43  5:51  Marine  
  43  5:53  SCV  
  43  5:55  SCV  
  44  5:58  SCV  
  44  6:05  SCV  
  44  6:08  SCV, Marine  
  44  6:09  Marine  
  44  6:10  SCV  
  49  6:17  SCV  
  47  6:20  SCV  
  47  6:23  SCV  
  48  6:29  SCV  
  48  6:32  SCV  
  47  6:35  SCV  
  47  6:36  Raven  
  50  6:41  SCV  
  50  6:43  Cyclone  
  50  6:44  SCV  
  55  6:47  SCV  
  55  6:54  SCV  
  57  6:56  SCV  
  57  7:00  SCV  
  59  7:06  SCV  
  59  7:08  SCV  
  58  7:11  Factory  
  58  7:12  SCV  
  58  7:16  Cyclone  
  58  7:18  SCV  
  58  7:20  SCV  
  58  7:22  Refinery  
  63  7:24  SCV  
  64  7:30  SCV  
  64  7:32  SCV, Supply Depot  
  64  7:36  SCV, Factory  
  67  7:40  Orbital Command  
  67  7:42  SCV  
  68  7:48  SCV, Cyclone  
  72  7:54  SCV  
  73  8:00  SCV  
  71  8:06  SCV  
  71  8:09  SCV  
  71  8:12  SCV  
  69  8:18  SCV  
  73  8:20  Cyclone, Hellion x2  
  73  8:21  SCV  
  73  8:24  SCV  
  75  8:30  SCV  
  75  8:33  SCV  
  76  8:36  SCV, Cyclone  
  83  8:41  Hellion x2  
  83  8:45  SCV  
  83  8:47  SCV  
  83  8:48  SCV  
  83  8:52  Cyclone  
  83  8:57  SCV  
  83  8:58  Factory x2  
  83  8:59  SCV  
  83  9:01  SCV  
  86  9:09  SCV, Hellion  
  89  9:10  Hellion  
  89  9:11  SCV  
  89  9:13  SCV  
  92  9:21  SCV  
  92  9:22  Supply Depot  
  93  9:26  SCV x2  
  93  9:27  Siege Tank x2  
  101  9:33  Refinery  
  101  9:43  SCV x3  
  104  9:50  Refinery  
  106  9:52  Hellion  
  106  9:53  Hellion  
  106  9:55  SCV x3  
  109  10:01  Factory Reactor, Factory Tech Lab  
  109  10:08  Supply Depot  
  109  10:09  Supply Depot  
  109  10:13  Supply Depot  
  109  10:25  Supply Depot x2  
  109  10:29  SCV x2, Siege Tank x2  
  109  10:30  SCV  
  109  10:31  Hellion x2  
  121  10:41  SCV x2, Hellion x2  
  128  10:42  Siege Tank  
  128  10:43  SCV  
  129  10:52  Hellion x2  
  129  10:54  SCV x2  
  129  10:55  SCV  
  136  11:02  Hellion x4  
  125  11:06  SCV x2  
  125  11:10  SCV  
  117  11:18  SCV x2  
Show
View Real Time Build Order
Export as new Build Order

DPGCure Terran - Winner!

Build Orders: Gas First Reaper Expand, Liberator Opening, Mech 

Get SALT Encoding   

  12  0:00  SCV  
  13  0:12  SCV  
  14  0:16  Supply Depot  
  14  0:24  SCV  
  14  0:27  Refinery  
  15  0:38  SCV  
  16  0:44  Barracks  
  16  0:50  SCV  
  17  1:02  SCV  
  18  1:14  SCV  
  19  1:30  Orbital Command  
  19  1:31  Reaper  
  20  1:44  Command Center  
  20  1:55  Factory  
  20  1:58  SCV  
  21  2:05  Barracks Reactor  
  21  2:08  Supply Depot  
  21  2:10  SCV  
  22  2:16  Refinery  
  22  2:23  SCV  
  23  2:35  SCV  
  24  2:43  Starport  
  24  2:44  Hellion  
  24  2:45  Hellion  
  24  2:47  SCV  
  29  2:55  Orbital Command  
  29  2:59  SCV  
  29  3:01  Liberator  
  30  3:06  Hellion  
  30  3:07  Hellion  
  30  3:11  SCV  
  38  3:22  Supply Depot  
  38  3:25  SCV  
  38  3:26  SCV  
  40  3:33  Hellion  
  42  3:35  Hellion  
  42  3:36  Barracks Tech Lab  
  42  3:38  SCV  
  42  3:40  SCV  
  46  3:50  Supply Depot  
  46  3:53  SCV  
  46  3:54  Hellion  
  46  3:55  SCV  
  50  3:56  Hellion  
  50  4:02  Barracks Tech Lab  
  52  4:05  SCV  
  52  4:07  SCV  
  52  4:09  Supply Depot  
  54  4:10  Cloaking Field  
  54  4:11  Banshee  
  57  4:18  SCV  
  57  4:19  SCV  
  59  4:30  Marine x2, Cyclone  
  63  4:38  SCV  
  63  4:39  SCV  
  62  4:47  Marine  
  62  4:48  Marine  
  62  4:51  SCV, Supply Depot x2  
  62  4:52  SCV  
  66  4:57  Banshee  
  69  5:04  SCV  
  70  5:13  Marine x2, SCV, Cyclone  
  76  5:16  SCV  
  76  5:18  Command Center  
  75  5:25  SCV  
  75  5:28  SCV  
  77  5:30  Marine x2  
  69  5:37  SCV  
  69  5:40  SCV  
  66  5:47  Banshee  
  66  5:48  Marine x2  
  66  5:49  SCV  
  66  5:50  Cyclone  
  66  5:52  SCV  
  66  5:55  Refinery x2  
  70  6:01  SCV  
  67  6:04  SCV  
  67  6:06  Marine  
  67  6:07  Marine  
  66  6:13  SCV  
  66  6:16  SCV  
  67  6:22  Cyclone  
  66  6:25  SCV  
  66  6:28  SCV  
  66  6:29  Marine x2  
  67  6:33  Banshee  
  67  6:34  Orbital Command  
  67  6:36  Hyperflight Rotors  
  67  6:38  SCV  
  71  6:40  SCV  
  71  6:50  SCV  
  71  6:52  SCV  
  71  6:54  Orbital Command  
  73  6:55  Marine x2  
  73  6:56  Factory  
  73  7:00  Factory  
  75  7:02  SCV  
  75  7:05  SCV  
  77  7:14  SCV  
  75  7:16  Cyclone, Mag-Field Accelerator  
  75  7:17  SCV  
  75  7:21  SCV  
  80  7:23  Banshee  
  80  7:26  SCV  
  80  7:28  Engineering Bay  
  80  7:29  SCV  
  85  7:33  SCV  
  86  7:38  SCV  
  86  7:40  Factory Tech Lab  
  86  7:41  SCV  
  88  7:45  SCV  
  88  7:48  Armory  
  88  7:49  Factory Tech Lab  
  88  7:50  SCV, Hellion x2  
  94  7:52  Armory  
  94  7:53  SCV  
  94  7:56  Siege Tank  
  94  7:58  SCV  
  97  8:03  SCV  
  97  8:05  SCV  
  97  8:10  SCV, Siege Tank  
  99  8:14  Refinery  
  99  8:16  Supply Depot x2  
  99  8:24  SCV  
  99  8:25  SCV  
  101  8:29  Supply Depot  
  101  8:30  SCV, Refinery, Supply Depot, Banshee, Siege Tank  
  105  8:36  SCV  
  105  8:37  SCV  
  107  8:42  SCV  
  108  8:50  Cyclone  
  108  8:53  SCV x2, Command Center  
  110  9:01  Terran Vehicle And Ship Armor Level 1, Terran Vehicle Weapons Level 1  
  110  9:05  Hellion x2  
  110  9:07  Cyclone  
  117  9:12  SCV x3  
  117  9:13  Banshee  
  117  9:15  Missile Turret  
  123  9:24  Cyclone  
  126  9:27  Hellion  
  126  9:28  Factory, Hellion  
  126  9:29  Factory  
  126  9:30  Supply Depot  
  130  9:35  Supply Depot  
  130  9:39  Cyclone  
  130  9:44  SCV x2  
  130  9:45  SCV  
  133  9:49  Hellion x2  
  133  9:51  Factory x2  
  137  9:56  Cyclone  
  140  10:04  SCV  
  140  10:05  SCV  
  142  10:09  Unknown  
  142  10:10  Hellion x2  
  142  10:11  Cyclone  
  149  10:15  Factory, Factory Tech Lab  
  149  10:16  Factory Reactor  
  149  10:28  Cyclone, Command Center  
  152  10:30  Banshee  
  152  10:35  Cyclone, Factory Tech Lab  
  158  10:36  Factory Reactor  
  158  10:37  Hellion x2  
  158  10:38  SCV  
  158  10:39  SCV, Orbital Command  
  164  10:43  Cyclone  
  142  11:10  Factory Tech Lab  
Tags
 
Add a new tag
Caveats
  • Supply blocks, unpowered buildings, or Contaminate may cause inaccurate times.
  • Supply counts are checked every 10 seconds.